Map: Orbital Shipyard

Players

IIllIIlIllll - Winner!

  • Race: Protoss Protoss
  • League: Grandmaster

Sonny

  • Race: Protoss Protoss
  • League: Master

VOD

Have the link to the VOD?

Description

Time

  • Played on: Jan. 16, 2016, 10:36 p.m.
  • Length: 15:49
Show
View Real Time Build Order
Export as new Build Order

IIllIIlIllll Protoss - Winner!

Build Orders: Nexus First, Blink Stalkers 

Get SALT Encoding   

  12  0:01  Probe (Chrono Boost)  
  13  0:12  Probe (Chrono Boost)  
  14  0:20  Pylon  
  14  0:22  Probe (Chrono Boost)  
  15  0:38  Probe (Chrono Boost)  
  16  0:48  Probe (Chrono Boost)  
  17  0:57  Nexus  
  17  1:08  Gateway  
  17  1:11  Probe (Chrono Boost)  
  17  1:17  Assimilator  
  18  1:22  Assimilator  
  19  1:25  Probe (Chrono Boost)  
  19  1:36  Probe (Chrono Boost)  
  20  1:40  Gateway  
  20  1:46  Probe (Chrono Boost)  
  21  1:57  Probe (Chrono Boost)  
  21  1:59  Cybernetics Core  
  22  2:08  Probe (Chrono Boost)  
  23  2:11  Probe (Chrono Boost)  
  24  2:18  Probe (Chrono Boost)  
  24  2:21  Probe (Chrono Boost)  
  26  2:29  Probe (Chrono Boost)  
  27  2:32  Probe (Chrono Boost)  
  27  2:35  Adept x2 (Chrono Boost)  
  32  2:39  Warp Gate  
  32  2:46  Mothership Core (Chrono Boost)  
  32  2:47  Probe  
  35  2:52  Pylon  
  35  2:59  Probe (Chrono Boost)  
  36  3:05  Pylon  
  36  3:07  Probe (Chrono Boost)  
  36  3:12  Twilight Council  
  37  3:13  Probe (Chrono Boost)  
  37  3:18  Probe (Chrono Boost)  
  39  3:24  Probe (Chrono Boost)  
  40  3:29  Probe (Chrono Boost)  
  42  3:34  Probe (Chrono Boost)  
  42  3:39  Probe (Chrono Boost)  
  43  3:45  Probe (Chrono Boost)  
  42  3:49  Nexus  
  42  3:55  Stalker  
  46  3:56  Stalker  
  46  3:59  Blink (Chrono Boost)  
  46  4:00  Probe x2  
  46  4:09  Pylon  
  46  4:12  Probe  
  46  4:14  Probe  
  48  4:19  Gateway  
  48  4:21  Gateway  
  48  4:26  Gateway  
  48  4:27  Probe  
  48  4:29  Probe  
  50  4:38  Probe, Pylon  
  50  4:41  Probe  
  50  4:42  Assimilator  
  50  4:44  Assimilator  
  52  4:50  Probe  
  53  4:55  Stalker x2  
  57  5:02  Probe  
  56  5:07  Probe  
  56  5:08  Robotics Facility  
  56  5:14  Probe  
  56  5:15  Probe  
  56  5:17  Probe  
  59  5:25  Probe  
  59  5:27  Probe  
  60  5:28  Pylon  
  60  5:29  Stalker x2, Probe  
  60  5:35  Pylon  
  65  5:36  Probe (Chrono Boost)  
  65  5:38  Forge  
  65  5:40  Probe (Chrono Boost)  
  67  5:46  Probe (Chrono Boost)  
  67  5:47  Probe (Chrono Boost)  
  67  5:48  Stalker x2  
  73  5:53  Probe (Chrono Boost)  
  73  5:55  Probe (Chrono Boost)  
  73  5:56  Observer (Chrono Boost)  
  75  5:57  Probe  
  77  6:05  Probe  
  77  6:06  Probe  
  77  6:09  Stalker x3  
  85  6:14  Protoss Ground Weapons Level 1 (Chrono Boost)  
  85  6:15  Observer (Chrono Boost), Photon Cannon  
  85  6:17  Photon Cannon  
  86  6:21  Probe x3  
  89  6:27  Assimilator  
  89  6:30  Warp Prism (Chrono Boost)  
  89  6:32  Assimilator  
  89  6:34  Robotics Bay  
  89  6:35  Robotics Facility  
  89  6:37  Probe x2  
  89  6:38  Probe  
  94  6:55  Pylon  
  94  6:56  Pylon  
  93  7:09  Pylon  
  93  7:14  Stalker x2  
  93  7:15  Stalker x2, Pylon  
  101  7:16  Pylon x2  
  101  7:27  Pylon  
  101  7:29  Pylon  
  105  7:32  Pylon  
  102  7:39  Probe  
  102  7:40  Probe  
  102  7:43  Probe  
  89  7:51  Zealot  
  80  7:56  Probe  
  80  7:57  Pylon  
  71  8:06  Immortal  
  71  8:09  Probe  
  71  8:10  Probe x2  
  66  8:15  Disruptor  
  67  8:22  Probe  
  67  8:24  Stalker x4  
  67  8:25  Probe  
  77  8:27  Probe  
  78  8:35  Probe  
  78  8:41  Probe x2  
  79  8:43  Disruptor (Chrono Boost)  
  84  8:48  Pylon  
  84  8:51  Probe, Disruptor (Chrono Boost)  
  88  9:01  Stalker x2  
  88  9:02  Stalker x3  
  100  9:03  Mothership Core  
  100  9:04  Probe  
  101  9:20  Nexus  
  101  9:23  Immortal (Chrono Boost)  
  107  9:24  Disruptor (Chrono Boost)  
  107  9:36  Stalker x5, Pylon  
  107  9:37  Pylon  
  117  9:38  Probe x2  
  117  9:40  Probe  
  120  9:50  Probe x2  
  120  9:52  Probe  
  123  9:57  Pylon  
  123  9:58  Pylon  
  123  10:02  Probe, Disruptor (Chrono Boost)  
  123  10:03  Probe, Disruptor (Chrono Boost)  
  125  10:16  Probe  
  125  10:20  Probe  
  127  10:21  Stalker x4  
  127  10:22  Stalker  
  127  10:26  Probe  
  127  10:27  Photon Cannon  
  127  10:28  Probe  
  133  10:30  Photon Cannon  
  133  10:34  Observer (Chrono Boost)  
  134  10:38  Immortal (Chrono Boost)  
  138  10:43  Probe  
  138  10:44  Probe x3  
  138  10:49  Assimilator  
  142  10:50  Stargate  
  142  10:54  Assimilator  
  142  10:56  Probe  
  143  10:57  Protoss Ground Weapons Level 2  
  143  10:59  Disruptor (Chrono Boost)  
  143  11:02  Stalker x4  
  143  11:03  Stalker  
  156  11:11  Disruptor (Chrono Boost)  
  159  11:30  Warp Prism (Chrono Boost)  
  161  11:44  Oracle (Chrono Boost)  
  164  11:51  Fleet Beacon  
  164  11:52  Stargate  
  164  11:53  Zealot x2  
  168  11:54  Stargate  
  168  12:08  Stalker x3  
  172  12:38  Tempest x3 (Chrono Boost)  
  184  12:47  Immortal  
  184  12:48  Immortal  
  185  13:20  Tempest (Chrono Boost)  
  185  13:21  Tempest x2 (Chrono Boost)  
  194  13:44  Stalker x3  
  186  13:57  Stalker  
  186  13:58  Stalker  
  190  14:05  Warp Prism  
  190  14:06  Tempest (Chrono Boost)  
  190  14:07  Tempest (Chrono Boost)  
  200  14:10  Gateway  
  200  14:11  Gateway, Nexus  
  200  14:13  Gateway  
  200  14:15  Gateway, Nexus  
  200  14:18  Gateway  
  200  14:19  Gateway  
  200  14:42  Pylon  
  200  14:45  Pylon  
  172  15:21  Zealot x5  
  173  15:39  Pylon  
  173  15:42  Stalker x5  
Show
View Real Time Build Order
Export as new Build Order

Sonny Protoss 

Build Orders: Nexus First, Blink Stalkers 

Get SALT Encoding   

  12  0:01  Probe (Chrono Boost)  
  13  0:11  Probe (Chrono Boost)  
  14  0:17  Pylon  
  14  0:22  Probe (Chrono Boost)  
  16  0:35  Probe (Chrono Boost)  
  16  0:46  Probe (Chrono Boost)  
  17  0:58  Nexus  
  17  1:07  Gateway  
  17  1:11  Probe (Chrono Boost)  
  18  1:15  Assimilator  
  18  1:21  Probe (Chrono Boost)  
  18  1:24  Assimilator  
  19  1:32  Probe (Chrono Boost)  
  20  1:42  Probe (Chrono Boost)  
  21  1:51  Pylon  
  21  1:53  Probe (Chrono Boost)  
  22  1:57  Cybernetics Core  
  22  2:03  Probe (Chrono Boost)  
  23  2:12  Probe (Chrono Boost)  
  24  2:19  Probe (Chrono Boost)  
  25  2:26  Probe (Chrono Boost)  
  27  2:34  Mothership Core (Chrono Boost), Warp Gate  
  27  2:35  Adept (Chrono Boost)  
  27  2:37  Probe (Chrono Boost)  
  31  2:42  Twilight Council  
  31  2:46  Probe (Chrono Boost)  
  32  2:52  Probe (Chrono Boost), Pylon  
  33  2:59  Gateway  
  33  3:01  Probe, Adept (Chrono Boost)  
  36  3:07  Pylon  
  36  3:10  Probe  
  36  3:12  Probe  
  37  3:19  Blink (Chrono Boost)  
  38  3:23  Probe x2  
  40  3:33  Assimilator  
  40  3:35  Probe  
  40  3:39  Assimilator  
  39  3:59  Probe  
  39  4:00  Probe  
  41  4:10  Probe, Gateway  
  41  4:11  Gateway, Probe  
  41  4:16  Gateway x2  
  43  4:18  Gateway  
  43  4:21  Probe, Robotics Facility  
  44  4:27  Probe  
  45  4:32  Probe  
  46  4:39  Probe  
  46  4:42  Probe  
  48  4:47  Pylon  
  48  4:51  Probe  
  47  5:12  Pylon  
  45  5:14  Stalker  
  45  5:15  Stalker x2  
  45  5:17  Probe  
  45  5:19  Nexus  
  45  5:20  Pylon  
  52  5:29  Stalker x3  
  58  5:37  Gateway  
  58  5:41  Stalker  
  60  5:43  Probe  
  60  5:45  Observer  
  62  5:51  Stalker x2  
  62  5:53  Stalker  
  68  6:01  Stalker  
  68  6:02  Stalker  
  72  6:08  Stalker  
  72  6:11  Stalker  
  76  6:19  Stalker x2  
  76  6:24  Stalker  
  82  6:28  Stalker  
  82  6:31  Stalker  
  86  6:34  Probe  
  86  6:37  Stalker, Probe  
  86  6:39  Probe  
  90  6:46  Probe  
  92  7:05  Stalker x4  
  92  7:06  Stalker  
  92  7:08  Probe  
  101  7:10  Pylon  
  101  7:12  Pylon  
  91  7:49  Stalker x2  
  91  7:50  Stalker x6  
  73  8:21  Stalker x6, Probe  
  73  8:22  Stalker x2, Probe  
  73  8:23  Probe  
  73  8:25  Robotics Bay  
  88  8:32  Probe  
  88  8:33  Probe  
  88  8:34  Assimilator  
  88  8:35  Probe  
  88  8:38  Observer, Forge  
  88  8:40  Assimilator  
  91  8:42  Probe  
  91  8:43  Pylon  
  91  8:44  Probe  
  91  8:46  Stalker, Pylon  
  91  8:47  Probe  
  96  8:52  Stalker  
  96  8:53  Stalker, Probe  
  101  8:56  Probe  
  101  9:01  Stalker x2  
  106  9:03  Stalker  
  108  9:13  Stalker x3  
  114  9:23  Disruptor  
  117  9:26  Protoss Ground Weapons Level 1 (Chrono Boost)  
  117  9:27  Observer Gravitic Boosters  
  117  9:29  Probe  
  118  9:32  Photon Cannon x2  
  118  9:37  Photon Cannon  
  118  9:45  Stalker x2  
  122  9:46  Stalker  
  122  9:48  Probe  
  119  10:27  Disruptor  
  118  10:32  Robotics Facility  
  118  10:33  Stalker x5  
  118  10:34  Stalker  
  118  10:35  Stalker  
  132  10:41  Pylon  
  132  10:42  Nexus  
  132  10:44  Pylon  
  132  10:45  Pylon x2  
  132  10:56  Probe  
  133  11:01  Forge  
  133  11:03  Disruptor, Pylon  
  136  11:06  Pylon  
  136  11:09  Pylon  
  136  11:12  Protoss Ground Weapons Level 2 (Chrono Boost)  
  136  11:13  Stalker x3  
  136  11:15  Stalker  
  141  11:40  Stalker x7  
  155  11:49  Disruptor  
  155  11:51  Disruptor  
  161  12:04  Probe  
  161  12:05  Assimilator  
  161  12:08  Photon Cannon, Assimilator  
  162  12:10  Photon Cannon  
  162  12:31  Stargate  
  162  12:34  Probe  
  163  12:42  Probe  
  164  12:50  Protoss Ground Armor Level 1 (Chrono Boost)  
  164  12:59  Probe  
  149  13:23  Fleet Beacon  
  149  13:26  Stalker x5  
  149  13:27  Stalker x3  
  161  13:29  Immortal  
  161  13:30  Immortal  
  142  14:01  Stalker x5  
  142  14:02  Stalker x2  
  152  14:04  Stalker  
  157  14:10  Disruptor (Chrono Boost)  
  157  14:13  Disruptor (Chrono Boost)  
  160  14:27  Stargate x2  
  160  14:29  Zealot x5  
  160  14:30  Zealot x3  
  176  14:35  Templar Archives  
  176  14:41  Disruptor (Chrono Boost)  
  182  14:49  Disruptor (Chrono Boost)  
  119  15:18  Stalker x4  
  119  15:19  Stalker x3  
  81  15:41  Stalker  
  81  15:42  Stalker x3  
Tags
 
Add a new tag
Caveats
  • Supply blocks, unpowered buildings, or Contaminate may cause inaccurate times.
  • Supply counts are checked every 10 seconds.